 Dungeon Crawl Stone Soup version 0.30-a0-879-ga8ba668304 (webtiles) character file.

Game seed: 8059699243084485239

74544 jasper the Fencer (level 15, -5/102 (119) HPs)
             Began as a Demonspawn Gladiator on Mar 13, 2023.
             Was a High Priest of Dithmenos.
             Slain by a lorocyproca (25 damage)
             ... on level 3 of the Abyss.
             The game lasted 00:36:45 (16543 turns).

jasper the Fencer (Demonspawn Gladiator)           Turns: 16543, Time: 00:36:46

HP:   -5/102 (119)  AC: 23    Str: 14    XL:     15   Next: 7%
MP:   1/22          EV: 12    Int: 10    God:    Dithmenos [*****.]
Gold: 1086          SH:  0    Dex: 22    Spells: 14/14 levels left

rFire   . . .      SeeInvis .    y - +1 great sword (venom)
rCold   + + .      Faith    .    (shield currently unavailable)
rNeg    . . .      Spirit   .    S - +2 plate armour {rC+}
rPois   +          Reflect  .    (helmet unavailable)
rElec   .          Rampage  .    w - +2 cloak {rC+}
rCorr   .                        D - +0 pair of gloves
Will    ++...                    n - +0 pair of boots
Stlth   +++                      s - amulet of regeneration
HPRegen 1.17/turn                m - ring of poison resistance
MPRegen 0.18/turn                a - ring of willpower

@: wreathed by umbra, heavily drained
A: horns 3, demonic guardian 3, ignite blood 2, sturdy frame 2
a: Renounce Religion, Shadow Step, Shadow Form


You were on level 3 of the Abyss.
You worshipped Dithmenos.
Dithmenos was extremely pleased with you.
You visited 5 branches of the dungeon, and saw 19 of its levels.
You visited the Abyss 2 times.
You also visited: Ice Cave.

You collected 1674 gold pieces.
You spent 588 gold pieces at shops.

Inventory:

Hand Weapons
 y - a +1 great sword of venom (weapon)
 I - a +1 demon whip of venom
 V - the +7 dagger of Beogh, Shrinking {flame, Str+3}
   (You found it on level 4 of the Lair of Beasts)

   Str:       It affects your strength (+3).
Missiles
 d - 3 throwing nets
 e - a javelin
 i - 12 poisoned darts (quivered)
 o - 6 atropa-tipped darts
 p - 123 stones
 v - 7 curare-tipped darts
Armour
 n - a +0 pair of boots (worn)
 w - a +2 cloak of cold resistance (worn)
 D - a +0 pair of gloves (worn)
 S - a +2 plate armour of cold resistance (worn)
Jewellery
 a - a ring of willpower (right hand)
 m - a ring of poison resistance (left hand)
 q - an amulet of magic regeneration
 s - an amulet of regeneration (around neck)
 G - a +6 ring of strength
 T - a ring of fire
Wands
 z - a wand of flame (9)
 A - a wand of mindburst (7)
 L - a wand of roots (8)
 Q - a wand of charming (15)
 W - a wand of quicksilver (4)
Scrolls
 h - 2 scrolls of amnesia
 C - a scroll of fog
 F - 3 scrolls of poison
 H - a scroll of enchant weapon
 J - 2 scrolls of torment
 K - 4 scrolls of enchant armour
 Z - a scroll of vulnerability
Potions
 f - 3 potions of attraction
 g - 5 potions of curing
 k - 8 potions of lignification
 l - 5 potions of haste
 t - a potion of magic
 B - a potion of ambrosia
 E - 4 potions of invisibility
 M - a potion of cancellation {unknown}
 N - a potion of berserk rage {unknown}
 P - 4 potions of flight {unknown}
 R - 6 potions of brilliance {unknown}
 X - a potion of might {unknown}
Miscellaneous
 c - a condenser vane
 O - a tin of tremorstones (1/2)


   Skills:
 - Level 11.5 Fighting
 - Level 15.9 Long Blades
 - Level 1.7 Throwing
 - Level 10.3 Armour
 - Level 8.5 Dodging
 - Level 8.4 Stealth
 + Level 10.0 Invocations


You had 14 spell levels left.
You didn't know any spells.
Your spell library contained the following spells:

 Spells                   Type           Power      Damage    Failure   Level
 Slow                     Hex            0%         N/A       98%         1
 Call Canine Familiar     Summ           0%         N/A       100%        3
 Confusing Touch          Hex            0%         N/A       100%        3
 Frozen Ramparts          Ice            0%         1d1       100%        3
 Hailstorm                Conj/Ice       0%         3d3       100%        3
 Ignite Poison            Fire/Tmut/Pois 0%         N/A       100%        3
 Kindle Blastsparks       Fire/Tloc/Air  0%         2d10      100%        3
 Ozocubu's Armour         Ice            0%         N/A       100%        3
 Portal Projectile        Hex/Tloc       0%         N/A       100%        3
 Stone Arrow              Conj/Erth      0%         3d7       100%        3
 Vampiric Draining        Necr           0%         2d6       100%        3
 Airstrike                Air            0%         2d(0-16)  100%        4
 Animate Armour           Summ/Erth      0%         N/A       100%        4
 Ice Form                 Ice/Tmut       0%         N/A       100%        4
 Leda's Liquefaction      Hex/Erth       0%         N/A       100%        4
 Summon Ice Beast         Ice/Summ       0%         N/A       100%        4
 Summon Lightning Spire   Summ/Air       0%         N/A       100%        4
 Alistair's Intoxication  Tmut/Pois      0%         N/A       100%        5
 Borgnjor's Vile Clutch   Necr/Erth      0%         N/A       100%        5
 Fireball                 Conj/Fire      0%         3d3       100%        5
 Freezing Cloud           Conj/Ice/Air   0%         6-21      100%        5
 Iskenderun's Battlesphe  Conj           0%         2d6       100%        5
 Lightning Bolt           Conj/Air       0%         1d11      100%        5
 Conjure Ball Lightning   Conj/Air       0%         3x3d6     100%        6
 Eringya's Noxious Bog    Tmut/Pois      0%         N/A       100%        6
 Simulacrum               Ice/Necr       0%         N/A       100%        6
 Orb of Destruction       Conj           0%         9d5       100%        7
 Ozocubu's Refrigeration  Ice            0%         4d7       100%        7
 Lehudib's Crystal Spear  Conj/Erth      0%         10d2      100%        8


Dungeon Overview and Level Annotations

Branches:
Dungeon (11/15)            Temple (1/1) D:6            Lair (4/5) D:11
 Shoals (0/4) Lair:3       Spider (1/4) Lair:2        Slime (0/5) Lair:4
    Orc (2/2) D:11            Elf (0/3) Orc:2         IceCv (visited)

Altars:
Ashenzari
Cheibriados
Dithmenos
Fedhas
Gozag
Hepliaklqana
Kikubaaqudgha
Makhleb
Nemelex Xobeh
Okawaru
Qazlal
Ru
Sif Muna
Trog
Uskayaw
Vehumet
Xom
Yredelemnul
Jiyva
Lugonu

Shops:
Orc:2 (*:[

Annotations:
D:9 2 transporters, Pimp's ghost, novice DjFE
Orc:2 Tollund's ghost, journeyman KoBr; browni3141's ghost, journeyman VSAE


Innate Abilities, Weirdness & Mutations

You have a pair of large horns on your head.
A powerful demonic guardian rushes to your aid.
Your demonic aura often causes spilled blood to erupt in flames.
Your movements are less encumbered by armour. (ER -4)


Message History

The large abomination is severely damaged.
The large abomination hits you but does no damage.
Your soul eater hits the large abomination!
Something hits you!
You feel your power leaking away.
A smoke demon comes into view.
You take 7 damage, and have 58/100 hp.
You now have 3/22 mp.
You catch the helpless large abomination completely off-guard!
You slash the large abomination!
You destroy the large abomination!
Dithmenos accepts your kill. Something hits you but does no damage.
You swap places.
Your soul eater misses something.
Something hits you!
You feel your power leaking away.
You take 12 damage, and have 47/101 hp.
You now have 0/22 mp.
Something hits you!!
* * * LOW HITPOINT WARNING * * *
Your soul eater hits something!
You take 19 damage, and have 28/101 hp.
You barely miss the smoke demon.
Your shadow hits the smoke demon with a great sword!
Your soul eater hits something but does no damage.
A large abomination comes into view.
Something hits you!
* * * LOW HITPOINT WARNING * * *
The smoke demon gestures at you. The ball of steam misses you.
You take 11 damage, and have 17/101 hp.
You slice the smoke demon!! Your headbutt misses the smoke demon.
The smoke demon is almost dead.
Your soul eater hits something.
You hit the smoke demon.
The smoke demon is almost dead.
Your shadow hits the smoke demon with a great sword.
You kill the smoke demon!
Dithmenos accepts your kill. Something hits you but does no damage.
Your soul eater hits something!
Your Invocations skill increases to level 10!
You slice something!! Something hits you!!
You die...

. ##. ....#. #.. # .
#..# #..... ... .##.
#.#.#.# ..#.. ... #
...# #.#...##..###..#..
.. §# . .....#..#....
.#....#.###.#.#.#.X#..
... #..#...#.#.°....# .
#........@{3.# .
#..##..#..#.#§..#.....#
# .....##...#..§§#
.#..# ## . #
###..#§.#.. .. . .
##.§.....#..§#.....#
..# # #.##....#....# ..
# . .#..#.#..##.. # X#
.####.##. .. .. ...


You could see a large abomination and a friendly soul eater (summoned).

Vanquished Creatures
  2 tentacled starspawn
  An orc warlord (Orc:1)
  A very ugly thing (Abyss:2)
  A great orb of eyes (Abyss:3)
  Harold (D:8)
  Fannar (Lair:4)
  Erolcha (D:9)
  2 ironbound frosthearts (IceCv)
  A boulder beetle (D:11)
  2 two-headed ogres (D:11)
  18 death yaks
  An orc high priest (Orc:2)
  A thrashing horror (Abyss:2)
  Nergalle (Orc:2)
  Amaemon (D:8)
  2 skysharks
  A sixfirhy (Abyss:3)
  An orc sorcerer (Orc:2)
  3 orc knights
  A lindwurm (Lair:3)
  2 cyclopes (D:11)
  An ugly thing (D:11)
  A merfolk siren (Lair:3)
  A will-o-the-wisp (Abyss:2)
  A manticore (D:11)
  A smoke demon (Abyss:3)
  5 centaur zombies (D:11)
  An ice statue (IceCv)
  A torpor snail (Lair:4)
  15 elephants
  An orange demon (D:9)
  16 cane toads
  A gargoyle (D:11)
  2 black mambas
  An unseen horror (D:11)
  4 komodo dragons
  2 rime drakes
  6 kobold demonologists
  6 trolls
  A hornet (D:11)
  11 polar bears
  14 blink frogs
  Grinder (D:6)
  A raiju (Abyss:2)
  An ettin zombie (Abyss:3)
  3 flying skulls (Abyss:2)
  A slime creature (D:10)
  3 culicivoras (Lair:2)
  A wraith (D:11)
  6 large abominations
  4 wyverns
  34 yaks
  4 shadows (D:11)
  A fire bat (Abyss:2)
  A basilisk (Lair:1)
  A chaos spawn (Abyss:2)
  2 steam dragons
  A neqoxec (Abyss:2)
  4 wargs
  Menkaure (D:6)
  2 acid dragons (D:11)
  7 water moccasins
  5 black bears
  Duvessa (D:7)
  17 orc warriors
  7 ogres
  An ice beast (D:7)
  21 wolves
  A centaur (D:7)
  5 kobold brigands
  9 bullfrogs
  3 earth elementals (D:9)
  3 scorpions
  Dowan (D:7)
  3 killer bees (D:8)
  2 small abominations
  A quasit (Abyss:2)
  3 hounds
  2 jellies
  A gnoll bouda (D:6)
  12 orc priests
  An iron imp (Abyss:2)
  A boggart zombie (D:11)
  3 iguanas (D:5)
  10 orc wizards
  A sleepcap (D:7)
  2 hell rats (Lair:1)
  A howler monkey zombie (D:11)
  16 gnolls
  9 river rats (Lair:1)
  7 adders
  2 white imps
  2 ufetubi
  3 dart slugs
  46 orcs
  6 ball pythons
  4 bats
  7 endoplasms
  A giant cockroach (D:1)
  A goblin (D:1)
  5 hobgoblins
  10 jackals
  13 kobolds
  6 quokkas
  2 frilled lizards (D:2)
  4 rats
  2 starspawn tentacles (Abyss:2)
479 creatures vanquished.

Vanquished Creatures (collateral kills)
  An ettin (Orc:1)
  A two-headed ogre (D:9)
  A death yak (Lair:4)
  A sixfirhy (Abyss:2)
  An orc knight (Orc:2)
  An orc sorcerer (Orc:1)
  A troll (D:11)
  A wraith (D:9)
  2 yaks
  3 orc warriors (Orc:2)
  A wolf (IceCv)
  Blork the orc (Orc:2)
  An earth elemental (D:9)
  A killer bee (D:8)
  2 orc priests
  A gnoll (D:4)
  2 orcs (Orc:1)
  2 bats (D:2)
  A kobold (D:2)
25 creatures vanquished.

Vanquished Creatures (others)
  A vampire (D:11)
  A bush (Abyss:3)
  13 demonic plants
  2 foxfires (Abyss:2)
  5 fungi
  16 plants
  5 starspawn tentacles
  3 withered plants (D:11)
46 creatures vanquished.

Grand Total: 550 creatures vanquished

Notes
Turn   | Place    | Note
-------+----------+-------------------------------------------
     0 | D:1      | jasper the Demonspawn Gladiator began the quest for the
                  | Orb.
     0 | D:1      | Reached XP level 1. HP: 16/16 MP: 1/1
   114 | D:1      | Reached skill level 3 in Long Blades
   238 | D:1      | Gained mutation: A weak demonic guardian rushes to your
                  | aid. [demonic ancestry]
   238 | D:1      | Reached XP level 2. HP: 22/22 MP: 2/2
   934 | D:1      | Reached XP level 3. HP: 27/27 MP: 3/3
  1334 | D:2      | Reached skill level 4 in Long Blades
  1863 | D:3      | Gained mutation: You have a pair of small horns on your
                  | head. [demonic ancestry]
  1863 | D:3      | Reached XP level 4. HP: 33/33 MP: 4/4
  2023 | D:3      | You fall into a shaft and drop 3 floors!
  2029 | D:5      | Entered Level 5 of the Dungeon
  2071 | D:5      | Noticed a black bear
  2145 | D:5      | Reached skill level 5 in Long Blades
  2145 | D:5      | Killed a black bear
  2146 | D:5      | Gained mutation: Your movements are slightly less
                  | encumbered by armour. (ER -2) [demonic ancestry]
  2146 | D:5      | Reached XP level 5. HP: 29/38 MP: 5/5
  2330 | D:4      | Reached skill level 6 in Long Blades
  2525 | D:4      | Noticed an ogre
  2528 | D:4      | Gained mutation: Your movements are less encumbered by
                  | armour. (ER -4) [demonic ancestry]
  2528 | D:4      | Reached XP level 6. HP: 32/44 MP: 6/6
  3225 | D:4      | Reached skill level 7 in Long Blades
  3667 | D:5      | Gained mutation: Your demonic aura sometimes causes spilled
                  | blood to erupt in flames. [demonic ancestry]
  3667 | D:5      | Reached XP level 7. HP: 50/50 MP: 7/7
  3826 | D:5      | Reached skill level 1 in Armour
  4171 | D:6      | Noticed Grinder
  4185 | D:6      | Killed Grinder
  4186 | D:6      | Reached skill level 8 in Long Blades
  4235 | D:6      | Reached XP level 8. HP: 58/58 MP: 8/8
  4364 | D:6      | Found a staircase to the Ecumenical Temple.
  4397 | Temple   | Entered the Ecumenical Temple
  4560 | Temple   | Became a worshipper of Dithmenos the Shadowed
  4709 | D:6      | Noticed Menkaure
  4714 | D:6      | Killed Menkaure
  5249 | D:7      | Reached skill level 9 in Long Blades
  5553 | D:7      | Noticed Dowan
  5553 | D:7      | Noticed Duvessa
  5560 | D:7      | Killed Duvessa
  5567 | D:7      | Killed Dowan
  5865 | D:8      | Reached skill level 5 in Fighting
  5865 | D:8      | Gained mutation: A demonic guardian rushes to your aid.
                  | [demonic ancestry]
  5865 | D:8      | Reached XP level 9. HP: 43/68 MP: 9/9
  6035 | D:8      | Reached * piety under Dithmenos
  6592 | D:9      | Noticed a two-headed ogre
  6605 | D:9      | Killed a two-headed ogre
  6606 | D:9      | Reached skill level 10 in Long Blades
  6645 | D:9      | Noticed Erolcha
  6658 | D:9      | Killed Erolcha
  6659 | D:9      | Reached skill level 5 in Armour
  6744 | D:9      | Noticed Harold
  6744 | D:9      | Noticed an orange demon
  6753 | D:9      | Reached XP level 10. HP: 75/77 MP: 10/10
  6757 | D:9      | Noticed Amaemon
  6759 | D:9      | Reached skill level 11 in Long Blades
  6767 | D:9      | Killed an orange demon
  6816 | D:8      | HP: 2/77 [Amaemon/+1 demon whip of venom (7)]
  6820 | D:8      | Killed Amaemon
  6907 | D:8      | Killed Harold
  7168 | D:9      | Found a transporter.
  7172 | D:9      | Noticed Pimp's ghost (novice DjFE)
  7173 | D:9      | Noticed a catoblepas
  7177 | D:9      | Noticed a moth of wrath
  7206 | D:9      | Found a transporter.
  7423 | D:10     | Entered Level 10 of the Dungeon
  7518 | D:9      | Reached ** piety under Dithmenos
  7705 | D:10     | Noticed a sun demon
  7705 | D:10     | Noticed a rust devil
  7709 | D:9      | Reached skill level 1 in Stealth
  7782 | D:10     | Reached skill level 12 in Long Blades
  7907 | D:11     | Gained mutation: Your demonic aura often causes spilled
                  | blood to erupt in flames. [demonic ancestry]
  7907 | D:11     | Reached XP level 11. HP: 48/86 MP: 11/11
  8062 | D:11     | Noticed a boulder beetle
  8076 | D:11     | Killed a boulder beetle
  8245 | D:11     | Found a staircase to the Orcish Mines.
  8315 | D:11     | Reached *** piety under Dithmenos
  8416 | D:11     | Noticed a sun demon
  8436 | D:11     | Noticed a sun demon
  8441 | D:11     | HP: 1/87 [sun demon[a kobold demonologist] (16)]
  8564 | D:11     | Noticed a two-headed ogre
  8566 | D:11     | Found a corrupted altar of Lugonu.
  8582 | D:11     | Killed a two-headed ogre
  8781 | D:11     | Reached skill level 13 in Long Blades
  8781 | D:11     | Reached skill level 5 in Dodging
  8805 | D:11     | Noticed a brown ugly thing
  8848 | D:11     | Killed a brown ugly thing
  8959 | D:11     | Noticed a two-headed ogre
  8975 | D:11     | Killed a two-headed ogre
  8976 | D:11     | Gained mutation: You have a pair of horns on your head.
                  | [demonic ancestry]
  8976 | D:11     | Reached XP level 12. HP: 94/94 MP: 12/12
  9002 | D:11     | Found a staircase to the Lair.
  9265 | Lair:1   | Entered Level 1 of the Lair of Beasts
  9511 | Lair:1   | Reached skill level 5 in Stealth
  9740 | Lair:1   | Reached **** piety under Dithmenos
  9867 | Lair:1   | Found a shadowy altar of Dithmenos.
 10330 | Lair:2   | Found a frozen archway.
 10383 | IceCv    | Entered an ice cave
 10759 | IceCv    | Reached ***** piety under Dithmenos
 10760 | IceCv    | Reached skill level 14 in Long Blades
 10879 | IceCv    | Noticed a death yak
 10879 | IceCv    | Noticed a death yak
 10880 | IceCv    | Noticed a death yak
 10890 | IceCv    | Killed a death yak
 10894 | IceCv    | Killed a death yak
 10901 | IceCv    | Killed a death yak
 10902 | IceCv    | Gained mutation: A powerful demonic guardian rushes to your
                  | aid. [demonic ancestry]
 10902 | IceCv    | Reached XP level 13. HP: 35/103 MP: 13/13
 11004 | IceCv    | Reached skill level 10 in Fighting
 11209 | IceCv    | Identified the +3 leather armour of Magic {Str+4}
 11609 | Lair:2   | Found a hole to the Spider Nest.
 11809 | Spider:1 | Entered Level 1 of the Spider Nest
 12030 | Lair:3   | Reached skill level 15 in Long Blades
 12109 | Lair:3   | Noticed Fannar
 12118 | Lair:3   | Found a staircase to the Shoals.
 12253 | Lair:4   | Identified the +7 dagger of Beogh, Shrinking {flame, Str+3}
 12430 | Lair:4   | Found a viscous altar of Jiyva.
 12431 | Lair:4   | Found a staircase to the Slime Pits.
 12470 | Lair:4   | Gained mutation: You have a pair of large horns on your
                  | head. [demonic ancestry]
 12470 | Lair:4   | Reached XP level 14. HP: 89/111 MP: 14/14
 13124 | Lair:4   | Killed Fannar
 13125 | Lair:4   | Reached skill level 10 in Armour
 13496 | Lair:3   | Reached ****** piety under Dithmenos
 14128 | Orc:1    | Entered Level 1 of the Orcish Mines
 14217 | Orc:2    | Entered Level 2 of the Orcish Mines
 14970 | Orc:2    | Noticed an orc warlord
 15011 | Orc:1    | Killed an orc warlord
 15117 | Orc:2    | Noticed Nergalle
 15118 | Orc:2    | Noticed Blork the orc
 15132 | Orc:2    | Killed Nergalle
 15140 | Orc:2    | Killed Blork the orc
 15141 | Orc:2    | Reached skill level 5 in Invocations
 15238 | Orc:2    | Found Ibbirr's Antique Armour Boutique.
 15275 | Orc:2    | Found a runed translucent gate.
 15276 | Orc:2    | Found a runed translucent gate.
 15277 | Orc:2    | Found a runed translucent gate.
 15279 | Orc:2    | Found a staircase to the Elven Halls.
 15499 | Orc:2    | Found Qecwip's Antique Weapon Boutique.
 15514 | Orc:2    | Found Vitautz's General Store.
 15521 | Orc:2    | Bought 2 potions of curing for 66 gold pieces
 15521 | Orc:2    | Bought a scroll of blinking for 82 gold pieces
 15521 | Orc:2    | Bought a condenser vane for 440 gold pieces
 15529 | Orc:2    | Found Awy Veah's Book Boutique.
 15733 | Orc:2    | Noticed Tollund's ghost (journeyman KoBr)
 15733 | Orc:2    | Noticed browni3141's ghost (journeyman VSAE)
 15751 | Abyss:2  | Cast into level 2 of the Abyss (Tollund's ghost)
 15763 | Abyss:2  | Found a corrupted altar of Lugonu.
 15954 | Abyss:2  | Found a corrupted altar of Lugonu.
 15973 | Abyss:2  | Found a corrupted altar of Lugonu.
 15982 | Abyss:2  | Noticed a red very ugly thing
 15990 | Abyss:2  | Killed a red very ugly thing
 16028 | Abyss:2  | Noticed a tentacled starspawn
 16040 | Abyss:2  | Killed a tentacled starspawn
 16169 | Abyss:3  | Noticed a reaper
 16318 | Abyss:3  | Reached XP level 15. HP: 108/119 MP: 21/21
 16347 | Abyss:3  | Noticed a tentacled starspawn
 16356 | Abyss:3  | Killed a tentacled starspawn
 16366 | Orc:2    | Escaped the Abyss
 16419 | Abyss:3  | Cast into level 3 of the Abyss (browni3141's ghost)
 16543 | Abyss:3  | Reached skill level 10 in Invocations
 16543 | Abyss:3  | Slain by a lorocyproca

Illustrated notes

Levels and vault maps discovered:
D:1:      dpeg_arrival_radiant, layout_basic, minivault_23, minmay_tetromino_s2
D:2:      layout_basic
D:3:      layout_basic, serial_bayou, serial_bayou_lagoon_a,
          serial_bayou_pond_a, serial_bayou_pond_d, serial_bayou_pond_a,
          minmay_shallow_snake_nest
D:4:      layout_basic, abandoned_shop
D:5:      layout_gridville, chequers_ossuary_entry_cave, mrwooster_statue_mirror
D:6:      layout_loops_ring, mainiacjoe_overflow_24_doors,
          minmay_temple_entry_gardened_gates, uniq_menkaure, uniq_grinder
D:7:      layout_loops_ring, uniq_duvessa
D:8:      layout_rooms, serial_aquarium, aquarium_bridge_square
          [aquarium_subvault_balcony, aquarium_subvault_bridge,
          aquarium_subvault_window, aquarium_subvault_window],
          aquarium_bridge_straight [aquarium_subvault_bridge,
          aquarium_subvault_wall, aquarium_subvault_bridge,
          aquarium_subvault_wall], aquarium_window_2,
          aquarium_window_corridor_1, aquarium_window_2, aquarium_view_4,
          aquarium_view_2d, aquarium_pool_split
D:9:      layout_basic, gammafunk_ghost_berserking_beasts, uniq_erolcha,
          uniq_harold, uniq_amaemon
D:10:     minmay_stone_box, layout_cave_pools, nicolae_wu_jian_wuxing_cycle,
          grunt_ministairs_10, uniq_urug
D:11:     kennysheep_kobold_lugonu_temple, layout_rooms,
          erik_lair_orcish_takeover, hiddenorc1_lemuel, serial_undead,
          serial_undead_b, serial_undead_d, serial_undead_e, serial_undead_f,
          serial_undead_e, kennysheep_kite_vault
Temple:   nicolae_temple_bog_church
Lair:1:   layout_chaotic_city, basic_altar, kennysheep_rathole
Lair:2:   layout_roguey, hellmonk_spider_entry_life_and_decay,
          portal_ice_cave_entry_pillars_1
Lair:3:   layout_cave_pods, minmay_shoals_entry_lonely_mermaid,
          nicolae_volcano_entry_vermiform, beast_lair_carwin_4, uniq_fannar
Lair:4:   layout_long_grid, slime_entry_1
Spider:1: layout_spider_delve, nicolae_spider_checkerboard, uniq_asterion,
          uniq_josephine, uniq_mlioglotl
Orc:1:    layout_diamond_mine, basic_altar, nicolae_orc_crystal_geode
Orc:2:    grunt_orc_cross, layout_caves, gammafunk_ghost_cemetery
Abyss:3:  base: Lair:2, hangedman_eye_storm, evilmike_abyss_exit_vortex,
          spicy_pingpong_abyss_rune, base: D:12, serial_sigils_hangedman_snap,
          evilmike_abyss_exit_plants, serial_sigils_hangedman_shear,
          serial_sigils_hangedman_shear, evilmike_abyss_exit_16

Skill      XL: |  1  2  3  4  5  6  7  8  9 10 11 12 13 14 15 |
---------------+----------------------------------------------+-----
Long Blades    | 3 4 5 6 7 8 9 10 12 13 14 15 | 15.9
Armour         | 2 4 5 6 7 8 9 10 | 10.3
Fighting       | 3 5 6 7 8 9 10 11 | 11.5
Dodging        | 3 5 6 7 8 |  8.5
Stealth        | 2 4 6 7 8 |  8.4
Invocations    | 9 10 | 10.0
Throwing       | |  1.7

Action                     |  1- 3 |  4- 6 |  7- 9 | 10-12 | 13-15 || total
---------------------------+-------+-------+-------+-------+-------++-------
  Melee: Long sword        |    93 |    74 |   197 |    36 |       ||   400
         Punch             |     1 |     2 |       |       |       ||     3
         Headbutt          |       |     6 |    57 |   100 |   148 ||   311
         Great sword       |       |       |       |   375 |   490 ||   865
  Throw: Dart              |    17 |    32 |    30 |    74 |    34 ||   187
         Throwing net      |       |       |     3 |       |       ||     3
         Javelin           |       |       |     1 |       |       ||     1
 Invoke: Shadow Step       |       |       |       |     1 |     1 ||     2
         Shadow Form       |       |       |       |       |     2 ||     2
  Evoke: Wand              |       |       |     2 |     1 |       ||     3
         Tin of tremorston |       |       |       |       |     2 ||     2
    Use: Scroll            |     5 |       |    11 |     7 |     7 ||    30
         Potion            |       |       |       |     3 |     3 ||     6
   Stab: Sleeping          |       |     1 |       |     8 |     5 ||    14
         Held in net/web   |       |       |     1 |       |       ||     1
         Distracted        |       |       |       |     1 |     2 ||     3
 Armour: Leather armour    |     9 |       |       |       |       ||     9
         Scale mail        |    46 |    37 |    75 |   177 |       ||   335
         Plate armour      |       |       |       |    15 |   323 ||   338
  Dodge: Dodged            |    57 |    61 |   106 |   327 |   367 ||   918

Table legend: (Time is in decaauts)
 A = Elapsed time spent in this place.
 B = Non-inter-level travel time spent in this place.
 C = Inter-level travel time spent in this place.
 D = Time resting spent in this place.
 E = Time spent auto-exploring this place.
 F = Levels seen in this place.
 G = Mean time per level.
                   A        B        C        D        E       F      G
               +--------+--------+--------+--------+--------+-----+--------+
         Total |  16565 |  15800 |    765 |   1354 |  10335 |  23 |  720.2 |
       Dungeon |   9216 |   8711 |    505 |    722 |   5856 |  11 |  837.8 |
        Temple |    186 |    162 |     24 |      0 |    127 |   1 |  186.0 |
          Lair |   3901 |   3687 |    214 |     91 |   2642 |   4 |  975.2 |
   Spider Nest |      1 |      1 |      0 |      0 |      0 |   1 |    1.0 |
  Orcish Mines |   1666 |   1646 |     20 |    178 |   1040 |   2 |  833.0 |
         Abyss |    710 |    710 |      0 |     93 |    351 |   3 |  236.7 |
      Ice Cave |    882 |    882 |      0 |    269 |    317 |   1 |  882.0 |
               +--------+--------+--------+--------+--------+-----+--------+

Top non-repeatable levels by time:
    D:11: 1484 daAuts
  Lair:3: 1179 daAuts
     D:1: 1134 daAuts
     D:4: 1087 daAuts
  Lair:4: 1043 daAuts
   Orc:2: 1010 daAuts
     D:5: 1008 daAuts
  Lair:1: 940 daAuts
     D:9: 913 daAuts
   IceCv: 882 daAuts
     D:6: 881 daAuts
     D:8: 879 daAuts
  Lair:2: 737 daAuts
     D:2: 718 daAuts
     D:7: 671 daAuts
